 Dungeon Crawl Stone Soup version 0.28-a0-779-g3d1f99b579 (webtiles) character file.

Game seed: 2913879405644558182

0 spiderkeys the Ducker (level 1, -2/11 HPs)
             Began as a Spriggan Abyssal Knight on Nov 2, 2021.
             Was a Follower of Lugonu.
             Slain by a sixfirhy (13 damage)
             ... on level 4 of the Abyss.
             The game lasted 00:01:09 (246 turns).

spiderkeys the Ducker (Spriggan Abyssal Knight)      Turns: 246, Time: 00:01:09

Health: -2/11      AC:  2    Str:  9    XL:     1   Next: 0%
Magic:  3/3        EV: 17    Int: 11    God:    Lugonu [*.....]
Gold:   0          SH:  0    Dex: 15    Spells: 0/0 levels left

rFire   . . .      SeeInvis +   a - +1 short sword
rCold   . . .      Faith    .   (shield restricted)
rNeg    . . .      Spirit   .   b - +0 robe
rPois   +          Reflect  .   (helmet restricted)
rElec   .          Harm     .   (no cloak)
rCorr   .          Rampage  .   (gloves unavailable)
Will    .....                   (boots unavailable)
Stlth   +.........              (no amulet)
HPRegen 0.03/turn               P - ring of poison resistance
MPRegen 0.08/turn               (no ring)

@: very quick
A: very small, no large weapons, unfitting armour, see invisible, speed 3
a: Renounce Religion, Depart the Abyss


You were on level 4 of the Abyss.
You worshipped Lugonu.
Lugonu was aware of your devotion.
You visited 0 branches of the dungeon, and saw 0 of its levels.
You visited the Abyss 1 time.


Innate Abilities, Weirdness & Mutations

You are very small and have problems with some larger weapons.
You are too small for most types of armour.
You have supernaturally acute eyesight. (SInv)
You cover ground extremely quickly. (Speed+++)


   Skills:
 + Level 2.4 Fighting
 + Level 2.1 Short Blades
 + Level 3.2 Dodging
 + Level 1.7 Invocations


You couldn't memorise any spells.
You didn't know any spells.
Your spell library contained the following spells:

 Spells                   Type           Power      Damage    Failure   Level
 Conjure Ball Lightning   Conj/Air       0%         3x3d6     100%        6
 Discord                  Hex            0%         N/A       100%        8
 Disjunction              Tloc           0%         N/A       100%        8

Inventory:

Hand Weapons
 a - a +1 short sword (weapon)
Missiles
 c - 19 poisoned darts
 g - a throwing net {=f!f}
Armour
 b - a +0 robe (worn)
Jewellery
 P - a ring of poison resistance (left hand)
   (You found it on level 3 of the Abyss)
Scrolls
 d - a scroll of fear {unknown}
Potions
 e - 2 potions of berserk rage {unknown}
 f - 2 potions of might {unknown}

Dungeon Overview and Level Annotations

Branches:
Dungeon (0/15)

Altars:

#...###... #....##
# . # ..
#....###.#.. .##
#.##...###..####
#...
$.##.....##.####..#
# . #.....# #..##..
# # ##.# #.##..#
##.... ..#..# .
....##3# #(###
....#..# .#
..#..≈.x#RRN# ...
.#.# ###.. .[#@#
##.# ...#
######3xS##### .. .
#x#X#$# . # .. .#
#$..#(.≈N_.. ##..#
## ##.≈##.. . .#
#..#. ..# . . #..
####.# .. # .## #.
.## .. .


You could see a rakshasa, a sixfirhy (ally target), an efreet, 2 unseen horrors,
a friendly naga warrior (summoned), a friendly thrashing horror (summoned), a
friendly guardian serpent (summoned), a friendly sixfirhy (summoned), a friendly
naga (summoned, wandering) and a friendly small abomination (summoned).


Message History

🤖 Initializing magus.rc ... ✅ Successfully initialized magus.rc [v1.9.10] Welcome, spiderkeys the Spriggan Abyssal Knight.
Will you be the one to retrieve the fabulous Orb of Zot from the depths?
Lugonu says: Depart the Abyss and spread corruption, my servant! (use the ability menu to exit the Abyss) Press ? for a list of commands and other information.
Found a corrupted altar of Lugonu.
c - 19 poisoned darts
Found a gateway leading out of the Abyss.
There is a gateway leading out of the Abyss here.
Found a gateway leading deeper into the Abyss.
There is a gateway leading deeper into the Abyss here.
You plunge deeper into the Abyss.
You pick up a book of Chaos and begin reading...
You add the spells Conjure Ball Lightning, Disjunction and Discord to your library.
A raiju comes into view.
Unknown command.
You see here a +0 broad axe.
You are suddenly pulled into a different region of the Abyss!
d - a scroll labelled QURRAO QAN BIO
Found a gateway leading deeper into the Abyss.
There is a gateway leading deeper into the Abyss here.
You plunge deeper into the Abyss.
The abyssal rune of Zot can be found at this depth.
Found 2 blue potions.
Found a corrupted altar of Lugonu.
e - 2 blue potions
P - a ring of poison resistance
P - a ring of poison resistance (left hand)
Found a gateway leading deeper into the Abyss.
Found a sparkling altar of Nemelex Xobeh.
There is a gateway leading deeper into the Abyss here.
You plunge deeper into the Abyss.
The abyssal rune of Zot can be found at this depth.
Found six items.
Found a corrupted altar of Lugonu.
There is a corrupted altar of Lugonu here.
A tentacled starspawn comes into view.
Tentacles burst from the starspawn's body! 2 starspawn tentacles come into view.
A tentacle flies out from the starspawn's body!
A starspawn tentacle comes into view.
You see here 2 smoky green potions.
f - 2 smoky green potions The starspawn tentacle barely misses you.
A starspawn tentacle comes into view.
You enter the shallow water.
Moving in this stuff is going to be slow.
g - a throwing net {=f!f} A sixfirhy, an efreet, a rakshasa and 2 unseen horrors come into view.
The efreet is wielding a +3 scimitar of flaming.
The sixfirhy barely misses you.
You see here a scroll labelled IGAKKI SA VOERPH.
Unknown command.
As you read the scroll labelled IGAKKI SA VOERPH, it crumbles to dust.
Wisps of shadow whirl around you...
It was a scroll of summoning.
The sixfirhy hits you!
Ouch! That really hurt!
You die...

Action                   || total
-------------------------++-------
  Use: Scroll            ||     1
Dodge: Dodged            ||     2

Levels and vault maps discovered:
Abyss:4:  base: Temple, evilmike_abyss_exit_kraken,
          hangedman_classic_abyss_death, nicolae_abyss_rune_left_handed

Notes
Turn   | Place    | Note
-------+----------+-------------------------------------------
     0 | Abyss:1  | spiderkeys the Spriggan Abyssal Knight began the quest for
                  | the Orb.
     0 | Abyss:1  | Reached XP level 1. HP: 11/11 MP: 3/3
     0 | Abyss:1  | magus.rc [v1.9.10]
    81 | Abyss:2  | You pick up a book of Chaos and begin reading...
    81 | Abyss:2  | You add the spells Conjure Ball Lightning, Disjunction and
                  | Discord to your library.
    87 | Abyss:2  | Noticed a raiju
   160 | Abyss:3  | Found a corrupted altar of Lugonu.
   199 | Abyss:3  | Found a sparkling altar of Nemelex Xobeh.
   207 | Abyss:4  | Found a corrupted altar of Lugonu.
   232 | Abyss:4  | Noticed a tentacled starspawn
   245 | Abyss:4  | Noticed an efreet
   245 | Abyss:4  | Noticed a rakshasa
   245 | Abyss:4  | Noticed a sixfirhy
   245 | Abyss:4  | Noticed an unseen horror
   245 | Abyss:4  | Noticed an unseen horror
   246 | Abyss:4  | Slain by a sixfirhy

Vanquished Creatures (others)
  4 starspawn tentacles (Abyss:4)
4 creatures vanquished.

Table legend:
 A = Non-vault XP
 B = Vault XP
 C = Vault XP percentage of total XP
 D = Non-vault monster count
 E = Vault monster count
 F = Vault count percentage of total count
                 A         B        C        D         E       F
            +---------+---------+-------+---------+---------+-------
      Total |       0 |       0 |   N/A |       0 |       0 |  -nan
            +---------+---------+-------+---------+---------+-------
            +---------+---------+-------+---------+---------+-------

Illustrated notes

Table legend: (Time is in decaauts)
 A = Elapsed time spent in this place.
 B = Non-inter-level travel time spent in this place.
 C = Inter-level travel time spent in this place.
 D = Time resting spent in this place.
 E = Time spent auto-exploring this place.
 F = Levels seen in this place.
 G = Mean time per level.
                   A        B        C        D        E       F      G
               +--------+--------+--------+--------+--------+-----+--------+
         Total |    152 |    152 |      0 |      0 |     46 |   4 |   38.0 |
         Abyss |    152 |    152 |      0 |      0 |     46 |   4 |   38.0 |
               +--------+--------+--------+--------+--------+-----+--------+

Top non-repeatable levels by time:
 Abyss:2: 51 daAuts
 Abyss:1: 47 daAuts
 Abyss:3: 29 daAuts
 Abyss:4: 24 daAuts
